 Dungeon Crawl Stone Soup version 0.28.0-47-ge53b351184 (webtiles) character file.

Game seed: 12519141119852543387

516 bobregger the Fighter (level 7, 0/81 HPs)
             Began as an Ogre Berserker on May 3, 2022.
             Was a Follower of Trog.
             Slain by a water moccasin skeleton (5 damage)
             ... on level 5 of the Dungeon.
             The game lasted 00:04:42 (5152 turns).

bobregger the Fighter (Ogre Berserker)              Turns: 5152, Time: 00:04:42

Health: 0/81       AC:  3    Str: 22    XL:     7   Next: 20%
Magic:  7/7        EV: 10    Int:  8    God:    Trog [*.....]
Gold:   251        SH:  0    Dex: 10    Spells: 6/6 levels left

rFire   . . .      SeeInvis .   m - +0 flail
rCold   . . .      Faith    .   (no shield)
rNeg    . . .      Spirit   .   b - +0 animal skin
rPois   .          Reflect  .   (helmet restricted)
rElec   .          Harm     .   (no cloak)
rCorr   .          Rampage  .   (gloves unavailable)
Will    ++...                   (boots unavailable)
Stlth   +.........              (no amulet)
HPRegen 1.23/turn               (no ring)
MPRegen 0.10/turn               (no ring)

@: mighty, strong-willed, on berserk cooldown, regenerating, slowed, very slow
A: large, unfitting armour, tough skin 1
a: Renounce Religion, Berserk


You were on level 5 of the Dungeon.
You worshipped Trog.
Trog was aware of your devotion.
You visited 1 branch of the dungeon, and saw 5 of its levels.

You collected 251 gold pieces.

Inventory:

Hand Weapons
 m - a +0 flail (weapon)
Armour
 b - a +0 animal skin (worn)
Scrolls
 a - a scroll of torment {unknown}
 d - 3 scrolls of teleportation {unknown}
 e - 2 scrolls of identify {unknown}
 h - 2 scrolls of enchant armour {unknown}
 j - a scroll of amnesia {unknown}
 k - a scroll of fog {unknown}
 l - a scroll of fear {unknown}
Potions
 c - 2 potions of might
 f - a potion of heal wounds {unknown}
 g - a potion of mutation {unknown}
 i - a potion of haste {unknown}


   Skills:
 * Level 8.9 Fighting
 + Level 4.6 Maces & Flails
 - Level 2.6 Dodging


You had 6 spell levels left.
You didn't know any spells.
Your spell library was empty.

Dungeon Overview and Level Annotations

Branches:
Dungeon (5/15)             Temple (0/1) D:4

Altars:
Elyvilon
Fedhas
Uskayaw
Xom
The Shining One
Lugonu

Portals:
Abyss: D:3

Annotations:
D:3 2 transporters, pkoi's ghost, amateur DgFE


Innate Abilities, Weirdness & Mutations

You are too large for most types of armour.
You have tough skin. (AC +1)


Message History

The worm is heavily wounded.
You barely miss the worm.
The worm is heavily wounded.
The worm bites you but does no damage. The worm barely misses you.
You hit the worm.
The worm is severely wounded.
The worm bites you!
* * * LOW HITPOINT WARNING * * *
You sock the worm!
You kill the worm!
Trog accepts your kill. The water moccasin skeleton bites you.
* * * LOW HITPOINT WARNING * * *
You closely miss the water moccasin skeleton.
The water moccasin skeleton is heavily damaged.
The water moccasin skeleton barely misses you.
The water moccasin skeleton bites you but does no damage.
You barely miss the water moccasin skeleton.
The water moccasin skeleton is heavily damaged.
The water moccasin skeleton bites you.
* * * LOW HITPOINT WARNING * * *
The water moccasin skeleton bites you but does no damage.
You barely miss the water moccasin skeleton.
The water moccasin skeleton is heavily damaged.
The water moccasin skeleton barely misses you.
The water moccasin skeleton bites you.
* * * LOW HITPOINT WARNING * * *
You closely miss the water moccasin skeleton.
The water moccasin skeleton is heavily damaged.
The water moccasin skeleton bites you.
* * * LOW HITPOINT WARNING * * *
The water moccasin skeleton bites you.
* * * LOW HITPOINT WARNING * * *
The water moccasin skeleton bites you.
* * * LOW HITPOINT WARNING * * *
Your skin crawls.
You feel strong-willed.
You can no longer call upon Trog for regeneration and willpower.
The water moccasin skeleton bites you.
You die...

... ... #!# #.# #.#
#.# #.# #@# #Z# ###
#(## #.. ... # #..#
#.# #.# #. ##.## #.#
#.# #..##...###.##
#.# ###..#.....^...#
#.# ...............#
#.#
###....w.......###.#


You could see a water moccasin skeleton.

Vanquished Creatures
  A water moccasin (D:5)
  An ice beast (D:3)
  A scorpion (D:5)
  A hound (D:4)
  A centaur skeleton (D:5)
  An orc wizard (D:4)
  A hound zombie (D:5)
  A hound skeleton (D:4)
  7 adders
  A white imp (D:5)
  3 worms
  2 dart slugs
  4 orcs
  2 bats (D:1)
  4 endoplasms
  4 giant cockroaches (D:1)
  3 goblins
  7 hobgoblins
  3 jackals (D:2)
  7 kobolds
  4 quokkas
  7 ball pythons
  3 frilled lizards (D:1)
  5 rats
74 creatures vanquished.

Vanquished Creatures (others)
  A lurking horror (D:3)
  6 plants (D:3)
7 creatures vanquished.

Grand Total: 81 creatures vanquished

Notes
Turn   | Place    | Note
-------+----------+-------------------------------------------
     0 | D:1      | bobregger the Ogre Berserker began the quest for the Orb.
     0 | D:1      | Reached XP level 1. HP: 24/24 MP: 1/1
   193 | D:1      | Reached XP level 2. HP: 19/33 MP: 2/2
  1104 | D:1      | Reached skill level 5 in Fighting
  1175 | D:1      | Reached XP level 3. HP: 42/42 MP: 3/3
  1354 | D:2      | Found a white marble altar of Elyvilon.
  1459 | D:2      | Found a faded altar of an unknown god.
  2187 | D:3      | Noticed an ice beast
  2196 | D:3      | Killed an ice beast
  2197 | D:3      | Reached skill level 6 in Fighting
  2197 | D:3      | Reached XP level 4. HP: 37/53 MP: 4/4
  2197 | D:3      | Reached XP level 5. HP: 42/61 MP: 5/5
  2405 | D:3      | Found a transporter.
  2411 | D:3      | Found a transporter.
  2863 | D:3      | Found a corrupted altar of Lugonu.
  2863 | D:3      | Found a one-way gate to the infinite horrors of the Abyss.
  3359 | D:3      | Noticed pkoi's ghost (amateur DgFE)
  3404 | D:3      | Found a shimmering altar of Xom.
  3523 | D:3      | Reached skill level 7 in Fighting
  3943 | D:4      | Found a staircase to the Ecumenical Temple.
  4006 | D:4      | Found a white marble altar of Elyvilon.
  4134 | D:4      | Found a glowing golden altar of the Shining One.
  4161 | D:4      | Found a hide-covered altar of Uskayaw.
  4368 | D:4      | Reached XP level 6. HP: 46/71 MP: 6/6
  4886 | D:4      | Found a blossoming altar of Fedhas.
  4989 | D:5      | Entered Level 5 of the Dungeon
  5018 | D:5      | Reached ** piety under Trog
  5114 | D:5      | Noticed a water moccasin
  5132 | D:5      | Killed a water moccasin
  5133 | D:5      | Reached skill level 8 in Fighting
  5136 | D:5      | Reached XP level 7. HP: 47/81 MP: 7/7
  5151 | D:5      | HP: 4/81 [water moccasin skeleton (3)]
  5152 | D:5      | Slain by a water moccasin skeleton

Illustrated notes

Levels and vault maps discovered:
D:1:      roderic_chinese_lattice_arrival, layout_basic
D:2:      layout_rooms, nicolae_ecumenical_lake_church, basic_altar
D:3:      layout_basic, amcnicky_altar_gilded, gammafunk_ghost_gnarly_gnolls,
          amcnicky_altar_lugonu_corruption
D:4:      layout_basic, elyvilon_altar_3, kennysheep_mini,
          mainiacjoe_overflow_two_lobes, minmay_temple_entry_purple_smoke
D:5:      layout_loops_ring, nicolae_take_the_stairs, kennysheep_generic_room_16

Skill      XL: |  1  2  3  4  5  6 |
---------------+-------------------+-----
Maces & Flails | 3 4 |  4.6
Fighting       | 5 6 7 8 |  8.9
Dodging        | |  2.6

Action                   |  1- 3 |  4- 6 |  7- 9 || total
-------------------------+-------+-------+-------++-------
Melee: Mace              |    94 |    62 |       ||   156
       Punch             |     3 |       |       ||     3
       Flail             |       |    43 |    15 ||    58
Invok: Berserk           |     3 |     2 |       ||     5
       Trog's Hand       |       |     1 |     1 ||     2
  Use: Potion            |       |     1 |       ||     1
Armor: Animal skin       |    45 |    31 |     5 ||    81
Dodge: Dodged            |    82 |    59 |     5 ||   146
